 Dungeon Crawl Stone Soup version 0.17.1-3-g152610e (webtiles) character file.

30 dorian the Unweaver (level 3, -1/29 HPs)
             Began as a Formicid Abyssal Knight on Mar 4, 2016.
             Was a Follower of Lugonu.
             Slain by a gnoll
             ... wielding a +0 flail
              (12 damage)
             ... on level 1 of the Dungeon.
             The game lasted 00:02:25 (1488 turns).

dorian the Unweaver (Formicid Abyssal Knight)       Turns: 1488, Time: 00:02:25

Health: -1/29      AC:  5    Str: 17    XL:     3   Next: 37%
Magic:  5/5        EV: 10    Int: 11    God:    Lugonu [*.....]
Gold:   45         SH:  0    Dex: 10    Spells: 0 memorised, 2 levels left

rFire  . . .     SeeInvis +     a - +1 hand axe
rCold  . . .     Clarity  .     g - +0 ring mail
rNeg   . . .     SustAt   .     (no shield)
rPois  .         Gourm    .     (helmet unavailable)
rElec  .         Spirit   .     (no cloak)
rCorr  .         Warding  .     (no gloves)
rMut   .         Stasis   +     (no boots)
MR     .....                    (no amulet)
Stlth  ..........               (no ring)
                                (no ring)

@: not resistant to hostile enchantments, extremely unstealthy
A: permanent stasis, dig shafts and tunnels, four strong arms, antennae 3
a: Dig, Shaft Self, Depart the Abyss, Renounce Religion


You were on level 1 of the Dungeon.
You worshipped Lugonu.
Lugonu was aware of your devotion.
You were not hungry.

You visited 1 branch of the dungeon, and saw 2 of its levels.
You visited the Abyss 1 time.

You collected 45 gold pieces.

Inventory:

Hand Weapons
 a - a +1 hand axe (weapon)
Missiles
 j - 12 poisoned needles
Armour
 b - a +0 leather armour
 g - a +0 ring mail (worn)
Scrolls
 d - 2 scrolls of teleportation {unknown}
 f - a scroll of enchant weapon {unknown}
 h - 2 scrolls of identify {unknown}
 k - 2 scrolls of remove curse {unknown}
 l - a scroll of fog {unknown}
 m - a scroll of recharging {unknown}
 n - a scroll of random uselessness {unknown}
Potions
 e - a potion of flight {unknown}
 i - a potion of magic {unknown}
 q - a potion of ambrosia {unknown}
Comestibles
 c - 3 bread rations
 o - a meat ration
 p - a beef jerky


   Skills:
 - Level 3.2 Fighting
 + Level 2.8 Axes
 - Level 2.1 Armour
 - Level 0.8 Dodging
 + Level 3.3 Invocations


You had 2 spell levels left.
You didn't know any spells.

Dungeon Overview and Level Annotations

Branches:
Dungeon (2/15)

Altars:


Innate Abilities, Weirdness & Mutations

You are under a permanent stasis effect.
You can dig through walls and to a lower floor.
Your four strong arms can wield two-handed weapons with a shield.
You have a pair of large antennae on your head (SInv).


Message History

There is a stone staircase leading down here.
You hit the gnoll.
The gnoll is lightly wounded.
The gnoll hits you but does no damage.
You hit the gnoll.
The gnoll is moderately wounded.
The gnoll closely misses you.
You completely miss the gnoll.
The gnoll is moderately wounded.
The gnoll hits you with a flail.
You barely miss the gnoll.
The gnoll is moderately wounded.
The gnoll misses you.
You hit the gnoll.
The gnoll is severely wounded.
The gnoll hits you with a flail!
You closely miss the gnoll.
The gnoll is severely wounded.
The gnoll hits you with a flail!
You die...

#.......# ##############
#.......# #............#
#.......# #............#
#.......# #............#
####.##'#### #............#
#..........# ##............####
#..........# #.................
#........).####.(...........####
#...........((g@................
#..........#####(...........####
#..................##########
#.........>######.## ##########
#..........'......#####.........
#..........########.......######
#..........# ##......###......
#..........# #....###.........
#########'######...#......######


You could see a gnoll.

Vanquished Creatures
  A worm (D:1)
  3 bats (D:1)
  3 giant cockroaches (D:1)
  2 goblins (D:1)
  5 hobgoblins (D:1)
  5 kobolds (D:1)
  3 giant newts (D:1)
  3 rats (D:1)
25 creatures vanquished.

Notes
Turn   | Place    | Note
--------------------------------------------------------------
     0 | Abyss:1  | dorian the Formicid Abyssal Knight began the quest for the Orb.
     0 | Abyss:1  | Reached XP level 1. HP: 18/18 MP: 2/2
    67 | Abyss:1  | Noticed a blink frog
    68 | D:1      | Escaped the Abyss
    85 | D:1      | Reached * piety under Lugonu
   149 | D:1      | Reached XP level 2. HP: 12/24 MP: 3/3
   891 | D:1      | Reached XP level 3. HP: 29/29 MP: 5/5
  1488 | D:1      | Slain by a gnoll

Action                   || total
-------------------------++-------
Melee: Hand axe          ||   108
Invok: Depart the Abyss  ||     1
  Eat: Chunk             ||     2
